 Dungeon Crawl Stone Soup version 0.27.0-1-g7a089689b8 (webtiles) character file.

Game seed: 16042191905116471813

2534 MirrMurr the Poker (level 9, -13/70 HPs)
             Began as a Demonspawn Berserker on Aug 1, 2021.
             Was an Elder of Trog.
             Mangled by a boulder beetle (40 damage)
             ... on level 8 of the Dungeon.
             The game lasted 00:14:45 (8838 turns).

MirrMurr the Poker (Demonspawn Berserker)           Turns: 8838, Time: 00:14:45

Health: -13/70     AC: 17    Str: 21    XL:     9   Next: 30%
Magic:  9/9        EV:  3    Int:  9    God:    Trog [****..]
Gold:   1145       SH: 12    Dex: 12    Spells: 8/8 levels left

rFire    . . .     SeeInvis .   a - +2 trident (vorpal)
rCold    . . .     Faith    .   r - +0 tower shield
rNeg     . . .     Spirit   .   f - +0 plate armour
rPois    .         Reflect  .   (no helmet)
rElec    .         Harm     .   q - +2 cloak
rCorr    .         Rampage  .   (no gloves)
Will     .....                  (boots unavailable)
Stlth    ..........             (no amulet)
HPRegen  0.21/turn              (no ring)
MPRegen  0.22/turn              (no ring)

@: no status effects
A: hooves 3, thin metallic scales 1, foul stench 1, magic regeneration
a: Renounce Religion, Berserk, Trog's Hand, Brothers in Arms


You were on level 8 of the Dungeon.
You worshipped Trog.
Trog was greatly pleased with you.
You visited 2 branches of the dungeon, and saw 9 of its levels.

You collected 1145 gold pieces.

Inventory:

Hand Weapons
 a - a +2 vorpal trident (weapon)
 b - a +0 hunting sling
Missiles
 d - 82 sling bullets
 g - 62 stones (quivered)
 s - 10 boomerangs
 u - 16 poisoned darts
Armour
 f - a +0 plate armour (worn)
 q - a +2 cloak (worn)
 r - a +0 tower shield (worn)
Jewellery
 m - an amulet of guardian spirit
Wands
 o - a wand of polymorph (9)
 t - a wand of mindburst (11)
 y - a wand of acid (7)
Scrolls
 c - 3 scrolls of teleportation
 h - a scroll of fear
 j - 2 scrolls of immolation
Potions
 e - a potion of lignification
 i - 3 potions of attraction {unknown}
 k - 2 potions of heal wounds
 l - a potion of haste
 n - 4 potions of curing
 p - a potion of flight {unknown}
 x - a potion of ambrosia


   Skills:
 + Level 6.3 Fighting
 * Level 7.8 Polearms
 + Level 0.2 Throwing
 + Level 5.3 Armour
 + Level 5.4 Dodging
 + Level 0.5 Shields


You had 8 spell levels left.
You didn't know any spells.
Your spell library was empty.

Dungeon Overview and Level Annotations

Branches:
Dungeon (8/15)             Temple (1/1) D:7
   Lair: D:8-11

Altars:
Cheibriados
Dithmenos
Elyvilon
Gozag
Hepliaklqana
Kikubaaqudgha
Makhleb
Okawaru
Qazlal
Ru
Trog
Xom
Yredelemnul
Zin

Shops:
D:4 !   D:7 *


Innate Abilities, Weirdness & Mutations

You have hooves in place of feet.
You are partially covered in thin metallic scales. (AC +2)
You may rarely emit foul miasma when damaged in melee.
You regenerate magic rapidly.


Message History

The black bear is poisoned.
The black bear goes berserk!
The black bear is engulfed in dark miasma.
The black bear looks even sicker.
You block the black bear's attack.
The black bear claws you but does no damage. x2
Your shield and plate armour prevent you from hitting the black bear.
The black bear is almost dead.
You kill the black bear!
Trog accepts your kill.
No target in view!
No target in view!
b - a +0 hunting sling (weapon)
HP restored.
g - 62 stones (gained 1)
You hear the faint creaking of a portcullis very nearby.
You enter the shallow water.
Moving in this stuff is going to be slow.
g - 64 stones (gained 2)
You now have 1145 gold pieces (gained 13).
A boulder beetle comes into view.
The boulder beetle curls into a ball and begins rolling!
You shoot a stone.
The stone hits the boulder beetle but does no damage.
You shoot a stone.
The stone hits the boulder beetle but does no damage.
The boulder beetle hits you!!!
Ouch! That really hurt!
The boulder beetle stops rolling and uncurls.
You are too injured to fight recklessly!
a - a +2 vorpal trident (weapon)
You are too injured to fight recklessly!
You are too injured to fight recklessly!
You are too injured to fight recklessly!
You are too injured to fight recklessly!
The boulder beetle bites you.
You emit a cloud of foul miasma!
The boulder beetle is engulfed in dark miasma.
The boulder beetle is poisoned.
The boulder beetle curls into a ball and begins rolling!
The boulder beetle hits you!!!
Ouch! That really hurt!
You die...

#≈....((..... #.≈≈#
#≈........... ##.≈≈+
#≈........... #..≈≈+
#≈..○.# ..# #..≈≈+
#≈.°..# ..# ###..≈≈#
#≈°...# ..+
.....≈≈####≈○...# ..#
###.≈≈≈≈≈≈B....#
..######........@...###
...##.......#.#.#####
........†##.#.#.#
######.####.#.#.#
.......# #.#.#.#
#####..# #.#.#.#
....#..####.#...#
#.###.......##### #.#
#.#######


You could see a boulder beetle (rolling, poisoned).

Vanquished Creatures
  Prince Ribbit (D:6)
  4 black bears
  An ice beast (D:6)
  3 ogres
  A centaur (D:7)
  A phantom (D:6)
  Blork the orc (D:4)
  2 bullfrogs
  A scorpion (D:5)
  4 howler monkeys
  5 wights (D:5)
  2 centaur zombies
  3 hounds
  2 orc priests
  2 centaur skeletons
  Crazy Yiuf (D:3)
  6 orc wizards
  2 iguanas
  Natasha (thrice) (D:2)
  A hound skeleton (D:4)
  5 adders
  11 gnolls
  3 white imps
  An ufetubus (D:3)
  A worm (D:2)
  3 dart slugs
  17 orcs
  6 endoplasms
  2 giant cockroaches
  8 goblins
  5 hobgoblins
  5 jackals (D:4)
  3 kobolds
  A quokka (D:2)
  7 ball pythons
  8 bats
  3 frilled lizards
  8 rats
143 creatures vanquished.

Vanquished Creatures (collateral kills)
  2 orc wizards (D:6)
  A shadow imp (D:6)
3 creatures vanquished.

Grand Total: 146 creatures vanquished

Notes
Turn   | Place    | Note
-------+----------+-------------------------------------------
     0 | D:1      | MirrMurr the Demonspawn Berserker began the quest for the
                  | Orb.
     0 | D:1      | Reached XP level 1. HP: 18/18 MP: 1/1
   303 | D:1      | Gained mutation: You may rarely emit foul miasma when
                  | damaged in melee. [demonic ancestry]
   303 | D:1      | Reached XP level 2. HP: 24/24 MP: 2/2
   385 | D:1      | Found a faded altar of an unknown god.
   454 | D:1      | Reached skill level 3 in Polearms
  1059 | D:2      | Reached ** piety under Trog
  1066 | D:2      | Gained mutation: You have large cloven feet. [demonic
                  | ancestry]
  1066 | D:2      | Reached XP level 3. HP: 12/29 MP: 3/3
  1490 | D:2      | Noticed Natasha
  1504 | D:2      | Killed Natasha
  1505 | D:2      | Gained mutation: You have hoof-like feet. [demonic
                  | ancestry]
  1505 | D:2      | Reached XP level 4. HP: 24/35 MP: 4/4
  1511 | D:2      | Noticed Natasha
  1524 | D:2      | Killed Natasha
  1766 | D:2      | Found a shadowy altar of Dithmenos.
  1884 | D:2      | Noticed Natasha
  1893 | D:2      | Killed Natasha
  2085 | D:3      | Reached XP level 5. HP: 40/42 MP: 5/5
  2236 | D:3      | Reached skill level 4 in Polearms
  2517 | D:3      | Found a runed translucent door.
  2518 | D:3      | Noticed Crazy Yiuf
  3131 | D:3      | Noticed a black bear
  3146 | D:3      | Killed a black bear
  3147 | D:3      | Gained mutation: You regenerate magic rapidly. [demonic
                  | ancestry]
  3147 | D:3      | Reached XP level 6. HP: 48/48 MP: 6/6
  3304 | D:3      | Killed Crazy Yiuf
  3486 | D:4      | Found Beenk's Distillery.
  3725 | D:4      | Reached *** piety under Trog
  3920 | D:4      | Reached skill level 5 in Polearms
  4288 | D:4      | Noticed Blork the orc
  4300 | D:4      | Killed Blork the orc
  4301 | D:4      | Gained mutation: You have hooves in place of feet. [demonic
                  | ancestry]
  4301 | D:4      | Reached XP level 7. HP: 36/55 MP: 7/7
  4796 | D:5      | Entered Level 5 of the Dungeon
  5054 | D:5      | Reached skill level 5 in Fighting
  5325 | D:5      | Reached skill level 6 in Polearms
  5325 | D:5      | Reached XP level 8. HP: 61/62 MP: 8/8
  5692 | D:5      | Found a faded altar of an unknown god.
  5692 | D:5      | Found an iron altar of Okawaru.
  5698 | D:5      | Found a bloodstained altar of Trog.
  5700 | D:5      | Found a sacrificial altar of Ru.
  5702 | D:5      | Found a shimmering altar of Xom.
  6001 | D:6      | Identified a scroll of acquirement
  6001 | D:6      | Acquired 731 gold pieces
  6598 | D:6      | Reached **** piety under Trog
  6671 | D:6      | Reached skill level 7 in Polearms
  6954 | D:7      | Noticed Prince Ribbit
  6975 | D:6      | Reached skill level 5 in Dodging
  7072 | D:6      | Killed Prince Ribbit
  7073 | D:6      | Reached skill level 5 in Armour
  7073 | D:6      | Gained mutation: You are partially covered in thin metallic
                  | scales. (AC +2) [demonic ancestry]
  7073 | D:6      | Reached XP level 9. HP: 24/69 MP: 9/9
  7118 | D:7      | Found a staircase to the Ecumenical Temple.
  7460 | Temple   | Entered the Ecumenical Temple
  7780 | D:7      | Found Opeirir's Gadget Gallery.
  8112 | D:7      | Found a basalt altar of Yredelemnul.
  8829 | D:8      | Noticed a boulder beetle
  8838 | D:8      | Mangled by a boulder beetle

Illustrated notes

Levels and vault maps discovered:
D:1:      minmay_arrival_widening_spiral_narrow, layout_basic,
          ebering_ecumenical_altar_hall, serial_bayou_pond_e,
          minmay_misc_feat_hallway, minmay_tetromino_i4
D:2:      layout_basic, basic_altar, uniq_natasha
D:3:      layout_loops_corners, uniq_crazy_yiuf_cottage
D:4:      layout_basic, serial_shops, nicolae_square_shop, uniq_blork_the_orc
D:5:      layout_gridville, chequers_temple_overflow_minitemple,
          kennysheep_generic_room_15
D:6:      layout_basic
D:7:      layout_cave_pods, yredelemnul_altar_generic,
          minmay_temple_entry_butterflies, nicolae_shop_gadgets,
          uniq_prince_ribbit1
D:8:      minmay_opposing_rooms, layout_basic, erik_lair_dragon, serial_glass,
          glass_columns_b, glass_columns_b, enter_bailey_4, hangedman_misty_isle
Temple:   jpeg_temple_island

Skill      XL: |  1  2  3  4  5  6  7  8 |
---------------+-------------------------+-----
Armour         | 2 3 4 5 |  5.3
Polearms       | 3 4 5 6 7 |  7.8
Dodging        | 2 3 4 5 |  5.4
Fighting       | 4 5 6 |  6.3
Throwing       | |  0.2
Shields        | |  0.5

Action                   |  1- 3 |  4- 6 |  7- 9 || total
-------------------------+-------+-------+-------++-------
Melee: Spear             |    96 |   102 |       ||   198
       Kick              |     4 |    21 |    40 ||    65
       Trident           |       |       |   166 ||   166
 Fire: Hunting sling     |       |    84 |    98 ||   182
Throw: Stone             |     2 |       |       ||     2
Invok: Berserk           |     2 |     5 |     2 ||     9
       Trog's Hand       |       |       |     1 ||     1
Evoke: Wand              |       |     3 |       ||     3
  Use: Scroll            |     3 |     4 |    13 ||    20
 Stab: Sleeping          |     1 |       |       ||     1
Armor: Animal skin       |     3 |       |       ||     3
       Ring mail         |    13 |       |       ||    13
       Plate armour      |    24 |    75 |   118 ||   217
Dodge: Dodged            |    38 |    34 |    49 ||   121
Block: Tower shield      |       |       |     5 ||     5
